 Dungeon Crawl Stone Soup version 0.23-a0-642-g3120c2f (webtiles) character file.

1139 FrankyJ the Magician (level 8, -13/60 HPs)
             Began as a Merfolk Summoner on Dec 29, 2018.
             Mangled by an ogre
             ... wielding a +0 giant club
              (21 damage)
             ... on level 6 of the Dungeon on Dec 30, 2018.
             The game lasted 00:38:09 (7954 turns).

FrankyJ the Magician (Merfolk Summoner)             Turns: 7954, Time: 00:38:10

Health: -13/60     AC:  8    Str: 13    XL:     8   Next: 37%
Magic:  15/15      EV: 15    Int: 14    God:
Gold:   262        SH:  0    Dex: 17    Spells: 10/17 levels left

rFire    . . .     SeeInvis .   b - +1 spear
rCold    . . .     Gourm    .   (no shield)
rNeg     . . .     Faith    .   e - +0 leather armour
rPois    .         Spirit   .   g - +0 helmet
rElec    .         Reflect  .   l - +2 cloak {+Inv}
rCorr    .         Harm     .   r - +0 pair of gloves
MR       .....                  (no boots)
Stlth    ++........             (no amulet)
HPRegen  0.20/turn              (no ring)
MPRegen  0.14/turn              (no ring)

@: mighty, hasted, very quick
A: change form in water, swift swim, stealthy swim, subdued magic 1
a: Evoke Invisibility


You were on level 6 of the Dungeon.
You were not hungry.

You visited 1 branch of the dungeon, and saw 6 of its levels.

You collected 262 gold pieces.

Inventory:

Hand Weapons
 b - a +1 spear (weapon)
 i - a +0 scythe
Missiles
 p - 2 tomahawks (quivered)
 t - 7 javelins
Armour
 e - a +0 leather armour (worn)
 g - a +0 helmet (worn)
 l - a +2 cloak of invisibility (worn)
 r - a +0 pair of gloves (worn)
 s - a +1 robe of positive energy
Wands
 k - a wand of flame (8)
 m - a wand of iceblast (9)
Scrolls
 f - 4 scrolls of remove curse
 h - a scroll of identify
 q - a scroll of enchant armour
 v - 2 scrolls of fog
 y - a scroll of amnesia
Potions
 a - a potion of heal wounds {unknown}
 d - a potion of agility
 n - 2 potions of curing {unknown}
 o - 2 potions of might
 w - a potion of mutation {unknown}
 x - a potion of resistance {unknown}
 z - a potion of degeneration {unknown}
 A - 2 potions of flight {unknown}
 B - a potion of cancellation {unknown}
Comestibles
 c - 9 rations


   Skills:
 + Level 4.2 Fighting
 - Level 3.0 Polearms
 - Level 1.1 Armour
 - Level 5.0 Dodging
 - Level 2.1 Stealth
 - Level 5.1 Spellcasting
 - Level 4.0 Summonings
 - Level 5.0 Evocations


You had 10 spell levels left.
You knew the following spells:

 Your Spells              Type           Power        Failure   Level  Hunger
a - Summon Small Mammal   Summ           ##..         3%          1    None
b - Call Imp              Summ           ##......     4%          2    ##.....
c - Summon Lightning Spi  Summ/Air       #.......     63%         4    ####...

Your spell library contained the following spells:

 Spells                   Type           Power        Failure   Level  Hunger
 Call Canine Familiar     Summ           ##......     11%         3    ###....
 Summon Guardian Golem    Hex/Summ       #.......     24%         3    ###....
 Summon Ice Beast         Ice/Summ       #.......     63%         4    ####...


Dungeon Overview and Level Annotations

Branches:
Dungeon (6/15)
 Temple: D:4-7

Altars:
Ashenzari
Gozag
Hepliaklqana
Nemelex Xobeh
Uskayaw
Zin

Annotations:
D:3 Sigmund
D:4 3 runed doors, tasumai's ghost, novice DrBe


Innate Abilities, Weirdness & Mutations

You revert to your normal form in water.
You are very nimble and swift while swimming.
You are very stealthy in the water. (Stealth+)
Your spells are a little easier to cast, but a little less powerful.


Message History

You puncture the ogre!
The ogre is moderately wounded.
You barely miss the ogre.
The ogre is moderately wounded.
The ogre closely misses you.
You hit the ogre.
The ogre is moderately wounded.
The ogre hits you with a +0 giant club!!
* * * LOW HITPOINT WARNING * * *
You puncture the ogre!
The ogre is severely wounded.
You feel yourself speed up. The ogre misses you.
You puncture the ogre!
You kill the ogre!
Your life force feels restored.
Your Fighting skill increases to level 4!
You puncture the ogre!
The ogre is moderately wounded.
The ogre hits you with a +0 giant club!!
You die...

####...#...# #..#
#...........###..#
#########....#..#
#......##
#...##..##
#...###..##
#...##.#zS#
#...###O#..#
######@#.#...#
#########


You could see an ogre, a wight and an adder.

Vanquished Creatures
  Eustachio (D:5)
  An ogre (D:6)
  A scorpion (D:5)
  A howler monkey (D:6)
  2 crimson imps (D:5)
  A centaur zombie (D:5)
  A bullfrog skeleton (D:5)
  A centaur skeleton (D:5)
  2 iguanas
  A worker ant (D:5)
  3 gnolls
  4 adders
  4 oozes
  2 dart slugs
  6 leopard geckos
  3 orcs
  6 bats
  5 giant cockroaches
  4 goblins
  8 hobgoblins
  4 jackals (D:1)
  8 kobolds
  3 quokkas
  3 ball pythons
  3 frilled lizards
  A giant cockroach zombie (D:5)
  A quokka skeleton (D:4)
  11 rats
91 creatures vanquished.

Vanquished Creatures (collateral kills)
  An orc warrior (D:5)
  A centaur (D:5)
  2 ogres
  Blork the orc (D:5)
  A crimson imp (D:5)
  A bullfrog skeleton (D:5)
  An orc wizard (D:3)
  An iguana (D:4)
  2 worker ants
  Natasha (thrice) (D:3)
  4 gnolls
  4 adders
  A shadow imp (D:5)
  A worm (D:5)
  2 leopard geckos (D:3)
  7 orcs
  A bat (D:2)
  A quokka (D:3)
35 creatures vanquished.

Grand Total: 126 creatures vanquished

Notes
Turn   | Place    | Note
-------+----------+-------------------------------------------
     0 | D:1      | FrankyJ the Merfolk Summoner began the quest for the Orb.
     0 | D:1      | Reached XP level 1. HP: 13/13 MP: 3/3
   208 | D:1      | Reached skill level 1 in Polearms
   402 | D:1      | Reached XP level 2. HP: 19/19 MP: 5/5
   703 | D:1      | Reached XP level 3. HP: 21/25 MP: 6/6
   809 | D:1      | Reached skill level 1 in Fighting
  1665 | D:2      | Found a sparkling altar of Nemelex Xobeh.
  1985 | D:2      | Reached XP level 4. HP: 32/33 MP: 7/7
  2076 | D:2      | Found a shattered altar of Ashenzari.
  2087 | D:2      | Learned a level 2 spell: Call Imp
  3104 | D:3      | Noticed Natasha
  3214 | D:3      | Killed Natasha
  3214 | D:3      | Reached XP level 5. HP: 38/38 MP: 5/9
  3215 | D:3      | Noticed Natasha
  3222 | D:3      | Killed Natasha
  3278 | D:3      | Found a hazy altar of Hepliaklqana.
  3298 | D:3      | Noticed Natasha
  3315 | D:3      | Killed Natasha
  3456 | D:3      | Found a glowing silver altar of Zin.
  3657 | D:3      | Reached skill level 5 in Dodging
  4060 | D:3      | Noticed Sigmund
  4124 | D:4      | Reached skill level 1 in Armour
  4130 | D:4      | Reached XP level 6. HP: 44/44 MP: 6/10
  4459 | D:4      | Found a hide-covered altar of Uskayaw.
  4606 | D:4      | Reached skill level 1 in Evocations
  4890 | D:4      | Found a runed gate.
  4890 | D:4      | Found a runed gate.
  4890 | D:4      | Found a runed gate.
  4942 | D:4      | Learned a level 4 spell: Summon Lightning Spire
  4944 | D:4      | Gained mutation: Your spells are a little easier to cast,
                  | but a little less powerful. [mutagenic glow]
  5005 | D:4      | Found an opulent altar of Gozag.
  5006 | D:4      | Noticed tasumai's ghost (novice DrBe)
  5027 | D:5      | Entered Level 5 of the Dungeon
  5392 | D:5      | Noticed Eustachio
  5425 | D:5      | Killed Eustachio
  5425 | D:5      | Reached XP level 7. HP: 4/50 MP: 8/11
  5855 | D:5      | Reached skill level 5 in Evocations
  6641 | D:5      | Reached XP level 8. HP: 31/56 MP: 9/15
  6799 | D:5      | Upgraded the game from 0.23-a0-636-g0ff6057 to
                  | 0.23-a0-642-g3120c2f
  7184 | D:6      | Noticed Blork the orc
  7213 | D:5      | Killed Blork the orc
  7213 | D:5      | Reached skill level 5 in Spellcasting
  7954 | D:6      | Mangled by an ogre

Vault maps used:
D:1:      lightli_arrival_farm, minmay_3d_cube
D:2:      evilmike_ruin_ashenzari, nemelex_xobeh_ov_fountains_minmay,
          kennysheep_potato
D:3:      overflow_temple_1_default, lemuel_round_altar, gup_sewer_entry_spiral,
          first_ration, nrook_mini_vaults, uniq_natasha, uniq_sigmund
D:4:      nicolae_overflow_crystal_walls, ebering_ghost_gozag
D:5:      dk_noncrumbling_4, uniq_eustachio
D:6:      minmay_diamond_boxcup, kennysheep_little_box,
          gammafunk_temple_of_torment, minmay_temple_entry_hall,
          wad_floor_pattern_2, uniq_grinder, uniq_edmund, uniq_blork_the_orc

Skill      XL: |  1  2  3  4  5  6  7  8 |
---------------+-------------------------+-----
Dodging        | 3 4 5 |  5.0
Polearms       | 1 3 |  3.0
Fighting       | 2 4 |  4.2
Spellcasting   | 3 4 5 |  5.1
Armour         | 1 |  1.1
Evocations     | 4 5 |  5.0
Stealth        | |  2.1
Summonings     | |  4.0

Action                   |  1- 3 |  4- 6 |  7- 9 || total
-------------------------+-------+-------+-------++-------
Melee: Spear             |   167 |   396 |   296 ||   859
 Cast: Call Imp          |       |    48 |    36 ||    84
       Summon Small Mamm |       |       |     1 ||     1
 Abil: Evoke Invisibilit |       |     5 |     1 ||     6
  Use: Scroll            |       |    10 |     2 ||    12
       Potion            |       |     1 |     2 ||     3
 Stab: Sleeping          |     5 |     9 |     1 ||    15
       Invisible         |       |     7 |     1 ||     8
       Distracted        |       |     4 |     1 ||     5
  Eat: Chunk             |     3 |    12 |     5 ||    20
       Ration            |       |     2 |     1 ||     3
Armor: Leather armour    |    25 |    98 |    78 ||   201
       Robe              |     1 |       |       ||     1
Dodge: Dodged            |    98 |   212 |   202 ||   512

Table legend:
 A = Non-vault XP
 B = Vault XP
 C = Vault XP percentage of total XP
 D = Non-vault monster count
 E = Vault monster count
 F = Vault count percentage of total count
                 A         B        C        D         E       F
            +---------+---------+-------+---------+---------+-------
      Total |    1099 |     529 |  32.5 |     107 |      19 |  15.1
            +---------+---------+-------+---------+---------+-------
        D:1 |      64 |       3 |   4.5 |      28 |       2 |   6.7
        D:2 |      80 |       9 |  10.1 |      24 |       3 |  11.1
        D:3 |      92 |      47 |  33.8 |      16 |       9 |  36.0
        D:4 |     201 |       0 |   0.0 |      12 |       0 |   0.0
        D:5 |     662 |     249 |  27.3 |      27 |       2 |   6.9
        D:6 |       0 |     221 | 100.0 |       0 |       3 | 100.0
            +---------+---------+-------+---------+---------+-------
